 Dungeon Crawl Stone Soup version 0.22-a0-322-g60b3cfd (webtiles) character file.

1112 Kairos the Slasher (level 8, -7/64 HPs)
             Began as a Barachi Fighter on Apr 5, 2018.
             Was a Follower of Okawaru.
             Killed by divine providence
             ... invoked by an orc priest
              (13 damage)
             ... on level 6 of the Dungeon.
             The game lasted 00:09:14 (5036 turns).

Kairos the Slasher (Barachi Fighter)                Turns: 5036, Time: 00:09:16

Health: -7/64      AC: 12    Str: 23    XL:     8   Next: 33%
Magic:  6/8        EV: 13    Int: 12    God:    Okawaru [*.....]
Gold:   250        SH: 12    Dex: 13    Spells: 7/7 levels left

rFire    . . .     SeeInvis .   a - +0 long sword
rCold    . . .     Gourm    .   c - +0 shield
rNeg     . . .     Faith    .   b - +0 scale mail
rPois    .         Spirit   .   w - +0 helmet
rElec    +         Reflect  .   (no cloak)
rCorr    .         Harm     .   n - +0 pair of gloves
MR       .....                  (no boots)
Stlth    ++........             h - amulet of regeneration
HPRegen  0.20/turn              z - +4 ring of intelligence
MPRegen  0.11/turn              u - +2 ring of strength

@: heroism, slow
A: +LOS, swims, electricity resistance, slowness 1, strong 1, strong legs 1
a: Hop, Heroism, Renounce Religion


You were on level 6 of the Dungeon.
You worshipped Okawaru.
Okawaru was aware of your devotion.
You were hungry.

You visited 1 branch of the dungeon, and saw 6 of its levels.

You collected 250 gold pieces.

Inventory:

Hand Weapons
 a - a +0 long sword (weapon)
Armour
 b - a +0 scale mail (worn)
 c - a +0 shield (worn)
 n - a +0 pair of gloves (worn)
 w - a +0 helmet (worn)
Jewellery
 h - an amulet of regeneration (around neck)
 k - a +3 ring of intelligence
 t - a +2 ring of intelligence
 u - a +2 ring of strength (right hand)
 z - a +4 ring of intelligence (left hand)
 E - a +3 amulet of reflection
Wands
 g - a wand of iceblast (6)
 v - a wand of scattershot (5)
Scrolls
 e - a scroll of magic mapping
 j - 2 scrolls of amnesia
 m - 3 scrolls of random uselessness
 y - a scroll of fog
 A - a scroll of teleportation
 B - 2 scrolls of remove curse {unknown}
 C - a scroll of immolation {unknown}
 D - 2 scrolls of identify
Potions
 d - 2 potions of might
 i - a potion of mutation
 l - a potion of resistance
 o - 2 potions of heal wounds
 p - a potion of degeneration {unknown}
 q - 2 potions of flight
 r - a potion of brilliance {unknown}
 s - a potion of curing {unknown}
 x - a potion of haste {unknown}
Comestibles
 f - 7 rations


   Skills:
 + Level 5.6(10.6) Fighting
 + Level 7.5(12.5) Long Blades
 + Level 6.2(11.2) Armour
 + Level 2.7(7.7) Dodging
 + Level 0.5(5.5) Stealth
 + Level 5.4(10.4) Shields


You had 7 spell levels left.
You didn't know any spells.

Dungeon Overview and Level Annotations

Branches:
Dungeon (6/15)
 Temple: D:4-7

Altars:
Ashenzari
Dithmenos
Okawaru
Sif Muna
Wu Jian


Innate Abilities, Weirdness & Mutations

Shadows flee at your approach. (+LOS)
You can swim through water.
You cover ground slowly.
You can hop short distances.
You are resistant to electric shocks. (rElec)
Your muscles are strong. (Str +2)


Message History

The orc wizard is almost dead.
You slash the orc wizard!
You kill the orc wizard!
Okawaru accepts your kill.
The orc priest looks braver for a moment.
You block the orc priest's attack. The orc priest misses you.
The orc priest looks braver for a moment.
Things that are here:
a dagger; a robe; an orc corpse You closely miss the orc priest.
The orc priest calls down the wrath of Beogh upon you.
Beogh smites you!
* * * LOW HITPOINT WARNING * * *
You completely miss the orc priest.
The orc priest is heavily wounded.
The orc priest hits you with a dagger.
* * * LOW HITPOINT WARNING * * *
The orc priest calls down the wrath of Beogh upon you.
Beogh smites you!
You die...

.......# ##...........#
..)....# #...........#
#.###### ##.........##
..# #....#...## .##
#.######## ## #.# ## #.#
.# ##### #.# .####
##...#####@#
....###.....##.oo#
###†........|...##
####..............oo.>.#
.......................#
#######.>....#######...#
#.....## ..# #.......# #
#.......#


You could see 2 orc priests.

Vanquished Creatures
  Blork the orc (D:4)
  2 scorpions
  The ghost of 4thArraOfDagon the Conjurer, a weakling HOCj (D:4)
  4 howler monkeys
  A crimson imp (D:5)
  A jelly (D:6)
  A centaur zombie (D:6)
  2 orc priests
  A hound (D:4)
  3 orc wizards
  2 iguanas
  Ijyb (D:4)
  4 worker ants
  Natasha (thrice) (D:4)
  A worker ant zombie (D:6)
  A howler monkey skeleton (D:6)
  6 adders
  4 gnolls
  2 adder skeletons (D:4)
  A worm (D:2)
  6 dart slugs
  2 leopard geckos
  7 orcs
  3 ball pythons
  3 giant cockroaches
  6 goblins
  13 hobgoblins
  4 jackals (D:3)
  13 kobolds
  3 quokkas
  6 bats
  3 frilled lizards
  2 quokka skeletons (D:4)
  8 rats
121 creatures vanquished.

Notes
Turn   | Place    | Note
-------+----------+-------------------------------------------
     0 | D:1      | Kairos the Barachi Fighter began the quest for the Orb.
     0 | D:1      | Reached XP level 1. HP: 18/18 MP: 1/1
   137 | D:1      | Reached XP level 2. HP: 12/25 MP: 2/2
  1027 | D:2      | Reached XP level 3. HP: 30/30 MP: 3/3
  1049 | D:2      | Reached skill level 3 in Long Blades
  1333 | D:2      | Reached XP level 4. HP: 36/37 MP: 4/4
  1689 | D:3      | Reached skill level 4 in Long Blades
  1841 | D:2      | Reached XP level 5. HP: 21/42 MP: 5/5
  2070 | D:3      | Reached skill level 1 in Dodging
  2294 | D:3      | Found a shadowy altar of Dithmenos.
  2347 | D:3      | Reached XP level 6. HP: 49/49 MP: 6/6
  2354 | D:3      | Reached skill level 5 in Long Blades
  2660 | D:4      | Found a shattered altar of Ashenzari.
  2749 | D:4      | Found an iron altar of Okawaru.
  2800 | D:4      | Became a worshipper of Warmaster Okawaru
  2867 | D:4      | Noticed Natasha
  2873 | D:4      | Killed Natasha
  2892 | D:4      | Reached skill level 5 in Fighting
  3009 | D:4      | Found an ornate altar of the Wu Jian Council.
  3010 | D:4      | Noticed 4thArraOfDagon's ghost (weakling HOCj)
  3028 | D:4      | Reached skill level 5 in Armour
  3038 | D:4      | Killed 4thArraOfDagon's ghost
  3038 | D:4      | Reached skill level 6 in Long Blades
  3038 | D:4      | Reached XP level 7. HP: 33/56 MP: 7/7
  3130 | D:4      | Noticed Natasha
  3134 | D:4      | Killed Natasha
  3304 | D:4      | Noticed Blork the orc
  3305 | D:4      | Noticed Ijyb
  3329 | D:4      | Killed Blork the orc
  3342 | D:4      | Killed Ijyb
  3547 | D:4      | Noticed Natasha
  3555 | D:4      | Killed Natasha
  3752 | D:5      | Entered Level 5 of the Dungeon
  3996 | D:5      | Reached skill level 7 in Long Blades
  4082 | D:5      | Reached * piety under Okawaru
  4160 | D:5      | Reached skill level 5 in Shields
  4707 | D:5      | Gained mutation: You are resistant to electric shocks. (rElec) [potion of mutation]
  4707 | D:5      | Gained mutation: Your muscles are strong. (Str +2) [potion of mutation]
  4738 | D:6      | Reached XP level 8. HP: 62/63 MP: 8/8
  4940 | D:6      | Found a deep blue altar of Sif Muna.
  5036 | D:6      | Killed from afar by an orc priest

Vault maps used:
D:1:      minmay_arrival_doors, corner_web_ring, minmay_fountain_box,
          minivault_14
D:2:      first_ration, minmay_mini_jars
D:3:      lemuel_coloured_pillars_altar
D:4:      lemuel_round_altar, gammafunk_temple_overflow_pools,
          hangedman_decor_opposing, uniq_ijyb, uniq_natasha, uniq_blork_the_orc
D:6:      led_sif_pool, minmay_misc_feat_x

Skill      XL: |  1  2  3  4  5  6  7  8 |
---------------+-------------------------+-----
Fighting       | 4 5 |  5.6
Armour         | 4 5 6 |  6.2
Long Blades    | 3 4 6 7 |  7.5
Shields        | 4 5 |  5.4
Dodging        | 1 2 |  2.7
Stealth        | |  0.5

Action                   |  1- 3 |  4- 6 |  7- 9 || total
-------------------------+-------+-------+-------++-------
Melee: Long sword        |   119 |   225 |   183 ||   527
Invok: Heroism           |       |       |     1 ||     1
  Use: Scroll            |       |     1 |     7 ||     8
       Potion            |       |       |     1 ||     1
  Eat: Chunk             |     2 |     3 |     7 ||    12
       Ration            |       |     1 |       ||     1
Armor: Scale mail        |    41 |    92 |    55 ||   188
Dodge: Dodged            |    33 |    59 |    46 ||   138
Block: Shield            |    69 |   121 |    98 ||   288
       Rpst.: Long sword |    12 |    15 |     8 ||    35

Table legend:
 A = Spawn XP
 B = Non-spawn XP
 C = Spawn XP percentage of total XP
 D = Spawn monster count
 E = Non-spawn monster count
 F = Spawn count percentage of total count
 G = Total turns spent on level
                    A         B        C        D         E        F      G
               +---------+---------+-------+---------+---------+-------+---------
         Total |       0 |    1589 |   0.0 |       0 |     121 |   0.0 |  5036
               +---------+---------+-------+---------+---------+-------+---------
           D:1 |       0 |      22 |   0.0 |       0 |      16 |   0.0 |   966
           D:2 |       0 |     138 |   0.0 |       0 |      36 |   0.0 |   942
           D:3 |       0 |     175 |   0.0 |       0 |      27 |   0.0 |   649
           D:4 |       0 |     549 |   0.0 |       0 |      19 |   0.0 |  1195
           D:5 |       0 |     286 |   0.0 |       0 |      12 |   0.0 |   957
           D:6 |       0 |     419 |   0.0 |       0 |      11 |   0.0 |   327
               +---------+---------+-------+---------+---------+-------+---------
